 Dungeon Sprint DCSS version 0.27-a0-463-gec7707c53d (webtiles) character file.

Game seed: 13335516036296035861

27863 mhtbhm the Executioner (level 13, -19/151 HPs)
             Began as a Minotaur Fighter on Feb 28, 2021.
             Was the Champion of Trog.
             Demolished by a vampire knight
             ... wielding a +1 battleaxe of electrocution
              (31 damage)
             ... while paralysed by a vampire knight
             ... in the Dungeon (Sprint VII: "The Pits").
             The game lasted 00:05:57 (3187 turns).

mhtbhm the Executioner (Minotaur Fighter)           Turns: 3187, Time: 00:05:58

Health: -19/151    AC: 14    Str: 26    XL:     13   Next: 6%
Magic:  12/12      EV:  2    Int:  5    God:    Trog [******]
Gold:   46         SH:  0    Dex: 10    Spells: 12/12 levels left

rFire    + . .     SeeInvis .   p - +6 broad axe (vorpal)
rCold    . . .     Faith    .   c - +0 kite shield
rNeg     . . .     Spirit   .   b - +3 ring mail {rF+}
rPois    .         Reflect  .   (helmet restricted)
rElec    .         Harm     .   (no cloak)
rCorr    .         Rampage  .   (no gloves)
Will     .....     NoTele   +   (no boots)
Stlth    +.........             (no amulet)
HPRegen  0.35/turn              z - +4 ring of slaying
MPRegen  0.13/turn              n - +3 ring of protection

@: paralysed
A: retaliatory headbutt, horns 2, robust 1
a: Renounce Religion, Berserk, Trog's Hand, Brothers in Arms


You were in the Dungeon.
You worshipped Trog.
Trog was exalted by your worship.
You visited 1 branch You collected 46 gold pieces.

Inventory:

Hand Weapons
 a - a +3 vorpal broad axe
 p - a +6 vorpal broad axe (weapon)
Missiles
 y - 4 poisoned darts (quivered)
Armour
 b - a +3 ring mail of fire resistance (worn)
 c - a +0 kite shield (worn)
Jewellery
 n - a +3 ring of protection (right hand)
 w - a ring of see invisible
 x - a ring of protection from fire
 z - a +4 ring of slaying (left hand)
Scrolls
 j - a scroll of blinking
 l - a scroll of summoning
 q - 2 scrolls of fear
 s - 2 scrolls of fog
 t - 2 scrolls of enchant armour
 u - 3 scrolls of identify
Potions
 d - 2 potions of might
 e - 9 potions of curing
 f - 8 potions of heal wounds
 g - 4 potions of haste
 h - 4 potions of magic
 i - 3 potions of berserk rage
 k - 2 potions of invisibility
 o - 3 potions of mutation
 r - 2 potions of resistance
 v - 2 potions of cancellation


   Skills:
 + Level 19.5 Fighting
 + Level 21.4 Axes
 + Level 0.2 Throwing
 + Level 16.9 Armour
 + Level 10.0 Dodging
 + Level 2.6 Stealth
 + Level 18.0 Shields


You had 12 spell levels left.
You didn't know any spells.
Your spell library was empty.

Dungeon Overview and Level Annotations

Branches:
Dungeon (1/1)

Altars:
Ashenzari
Cheibriados
Dithmenos
Elyvilon
Fedhas
Gozag
Hepliaklqana
Kikubaaqudgha
Makhleb
Nemelex Xobeh
Okawaru
Qazlal
Ru
Sif Muna
Trog
Uskayaw
Vehumet
Wu Jian
Xom
Yredelemnul
Zin
The Shining One
Beogh
Jiyva
Lugonu


Innate Abilities, Weirdness & Mutations

You reflexively headbutt those who attack you in melee.
You have a pair of horns on your head.
You are robust. (+10% HP)


Message History

The chaos spawn degenerates into a cloud of primal chaos!
The wind drake exhales a fierce blast of wind!
You are blown backwards!
Really walk into that cloud of seething chaos?
Okay, then.
Unknown command.
Unknown command.
You start resting.
The wind drake exhales a fierce blast of wind!
Unknown command.
You barely miss the wind drake. Your headbutt misses the wind drake.
The wind drake bites you.
* * * LOW HITPOINT WARNING * * *
You barely miss the wind drake. Your headbutt misses the wind drake.
The wind drake barely misses you.
Unknown command.
You hit the wind drake but do no damage.
You slash the wind drake!
The wind drake is moderately wounded.
You block the wind drake's attack.
You slice the wind drake like a ripe choko!!!
You kill the wind drake!
Trog accepts your kill.
Your Dodging skill increases to level 10!
You hit the vampire knight.
The vampire knight is lightly damaged.
The vampire knight gestures at you while chanting.
You suddenly lose the ability to move!
The vampire knight hits you with a +1 battleaxe of electrocution.
* * * LOW HITPOINT WARNING * * *
The vampire knight bites you!
* * * LOW HITPOINT WARNING * * *
The vampire knight draws strength from your injuries!
You recover from your berserk rage.
The vampire knight hits you but does no damage.
The vampire knight bites you.
* * * LOW HITPOINT WARNING * * *
The vampire knight draws strength from your injuries!
The vampire knight hits you with a +1 battleaxe of electrocution!!
You die...

#####################
#....................
#....................
#..#######W########..
#..##.#)#o#(# #.. #..#.#†#k#k#$#
#.. #..##}#[#)#4#N# #..
#..#@#§#)#(#.#W# #..
#..##V#.#.#.#.#o# #..
#..################..
############....................
_________.##....................
_________.# ######''#########
_______...###########''#########
##########'##................##..
#.?(.')))'.##......#..#......##..


You could see a vampire knight.

Vanquished Creatures
  A nagaraja (D)
  2 ghost moths (D)
  A draconian stormcaller (D)
  An emperor scorpion (D)
  A red draconian (D)
  A merfolk impaler (D)
  Harold (D)
  2 hydras (D)
  Erica (D)
  A merfolk avatar (D)
  2 death yaks (D)
  A vampire mage (D)
  3 fire crabs (D)
  A spriggan druid (D)
  A swamp dragon (D)
  A deep troll (D)
  2 sea snakes (D)
  A lindwurm (D)
  2 deep elf pyromancers (D)
  An orc knight (D)
  A wolf spider (D)
  A manticore (D)
  A smoke demon (D)
  A rust devil (D)
  A gargoyle (D)
  3 orange demons (D)
  A molten gargoyle (D)
  A komodo dragon (D)
  A freezing wraith (D)
  A kobold demonologist (D)
  An ice devil (D)
  3 merfolk (D)
  2 jumping spiders (D)
  2 wind drakes (D)
  Prince Ribbit (D)
  A hornet (D)
  A tyrant leech (D)
  4 dream sheep (D)
  A flying skull (D)
  A ynoxinul (D)
  A tarantella (D)
  A fire elemental (D)
  2 redbacks (D)
  An air elemental (D)
  A spriggan (D)
  A fire bat (D)
  A basilisk (D)
  2 chaos spawn (D)
  3 steam dragons (D)
  A soldier ant (D)
  A swamp drake (D)
  2 centaurs (D)
  A necrophage (D)
  2 kobold brigands (D)
  A small abomination (D)
  7 killer bees (D)
  A crimson imp (D)
  A quasit (D)
  An iron imp (D)
  2 orc priests (D)
  Jessica (D)
  Ijyb (D)
  3 orc wizards (D)
  3 gnolls (D)
  2 river rats (D)
  An ufetubus (D)
  An ooze (D)
  A leopard gecko (D)
  An orc (D)
  A bat (D)
  A bat skeleton (D)
  A goblin (D)
  2 hobgoblins (D)
  7 kobolds (D)
  A frilled lizard (D)
  A rat (D)
117 creatures vanquished.

Vanquished Creatures (collateral kills)
  A merfolk (D)
1 creature vanquished.

Vanquished Creatures (others)
  A phantom (D)
  A giant cockroach (D)
2 creatures vanquished.

Grand Total: 120 creatures vanquished

Notes
Turn   | Place    | Note
-------+----------+-------------------------------------------
     0 | D        | mhtbhm the Minotaur Fighter began the quest for the Orb.
     0 | D        | Reached XP level 1. HP: 19/19 MP: 0/0
    17 | D        | Found a bloodstained altar of Trog.
    17 | D        | Found a shimmering blue altar of Sif Muna.
    17 | D        | Found a viscous altar of Jiyva.
    17 | D        | Found a hazy altar of Hepliaklqana.
    17 | D        | Found an opulent altar of Gozag.
    18 | D        | Found a glowing golden altar of the Shining One.
    18 | D        | Found a glowing silver altar of Zin.
    18 | D        | Found a basalt altar of Yredelemnul.
    18 | D        | Found a shimmering altar of Xom.
    18 | D        | Found an ornate altar of the Wu Jian Council.
    18 | D        | Found a sacrificial altar of Ru.
    18 | D        | Found a stormy altar of Qazlal.
    18 | D        | Found an iron altar of Okawaru.
    18 | D        | Found a sparkling altar of Nemelex Xobeh.
    18 | D        | Found a burning altar of Makhleb.
    18 | D        | Found a blossoming altar of Fedhas.
    18 | D        | Found a white marble altar of Elyvilon.
    18 | D        | Found a shadowy altar of Dithmenos.
    18 | D        | Found a snail-covered altar of Cheibriados.
    20 | D        | Found a radiant altar of Vehumet.
    20 | D        | Found a corrupted altar of Lugonu.
    20 | D        | Found a roughly hewn altar of Beogh.
    22 | D        | Became a worshipper of Trog the Wrathful
    62 | D        | Reached XP level 2. HP: 17/28 MP: 1/1
   175 | D        | Reached * piety under Trog
   176 | D        | Reached skill level 5 in Shields
   179 | D        | Reached skill level 5 in Fighting
   187 | D        | Reached skill level 3 in Axes
   187 | D        | Reached skill level 5 in Armour
   187 | D        | Reached XP level 3. HP: 27/36 MP: 2/2
   187 | D        | Reached ** piety under Trog
   288 | D        | Noticed Ijyb
   295 | D        | Killed Ijyb
   295 | D        | Reached *** piety under Trog
   296 | D        | Reached skill level 4 in Axes
   296 | D        | Reached XP level 4. HP: 44/44 MP: 3/3
   301 | D        | Reached **** piety under Trog
   302 | D        | Reached skill level 5 in Axes
   302 | D        | Reached XP level 5. HP: 52/52 MP: 4/4
   359 | D        | Noticed a flying skull
   375 | D        | Killed a flying skull
   376 | D        | Reached skill level 7 in Axes
   376 | D        | Reached skill level 1 in Dodging
   376 | D        | Reached XP level 6. HP: 44/62 MP: 5/5
   378 | D        | Noticed Prince Ribbit
   378 | D        | Noticed Jessica
   388 | D        | Killed Prince Ribbit
   389 | D        | Reached skill level 8 in Axes
   390 | D        | Reached ***** piety under Trog
   391 | D        | Reached XP level 7. HP: 7/70 MP: 6/6
   393 | D        | Reached skill level 10 in Armour
   393 | D        | Reached skill level 10 in Shields
   396 | D        | Killed Jessica
   682 | D        | Noticed a komodo dragon
   688 | D        | Killed a komodo dragon
   689 | D        | Reached skill level 10 in Fighting
   689 | D        | Reached skill level 9 in Axes
   689 | D        | Reached skill level 1 in Stealth
   697 | D        | Reached skill level 10 in Axes
   797 | D        | Found a hide-covered altar of Uskayaw.
   797 | D        | Found an ancient bone altar of Kikubaaqudgha.
   797 | D        | Found a broken altar of Ashenzari.
   824 | D        | Noticed a manticore
   833 | D        | Killed a manticore
   834 | D        | Reached skill level 11 in Axes
   834 | D        | Reached XP level 8. HP: 74/80 MP: 7/7
   834 | D        | Received a gift from Trog
   859 | D        | Noticed a death yak
   859 | D        | Noticed a wolf spider
   859 | D        | Noticed an ice devil
   865 | D        | Killed an ice devil
   868 | D        | Killed a wolf spider
   869 | D        | Reached skill level 12 in Axes
   871 | D        | Killed a death yak
   872 | D        | Reached skill level 13 in Axes
   872 | D        | Reached XP level 9. HP: 76/89 MP: 2/8
  1083 | D        | Noticed a jumping spider
  1083 | D        | Noticed a spriggan druid
  1090 | D        | Killed a jumping spider
  1091 | D        | Killed a spriggan druid
  1091 | D        | Reached ****** piety under Trog
  1092 | D        | Reached skill level 14 in Axes
  1092 | D        | Reached skill level 5 in Dodging
  1234 | D        | Noticed an orange demon
  1249 | D        | Received a gift from Trog
  1253 | D        | Killed an orange demon
  1315 | D        | Noticed a gargoyle
  1318 | D        | Killed a gargoyle
  1319 | D        | Reached skill level 15 in Axes
  1319 | D        | Reached XP level 10. HP: 99/99 MP: 9/9
  1371 | D        | Noticed an orb of fire
  1371 | D        | Gained mutation: You are robust. (+10% HP) [an orb of fire]
  1479 | D        | Noticed a spriggan rider
  1489 | D        | Received a gift from Trog
  1493 | D        | Noticed a deep troll
  1499 | D        | Reached skill level 16 in Axes
  1501 | D        | Killed a deep troll
  1501 | D        | Received a gift from Trog
  1512 | D        | Noticed an orange demon
  1518 | D        | Killed an orange demon
  1539 | D        | Noticed a molten gargoyle
  1540 | D        | Received a gift from Trog
  1547 | D        | Killed a molten gargoyle
  1548 | D        | Reached skill level 17 in Axes
  1548 | D        | Reached skill level 15 in Armour
  1711 | D        | Noticed a deep elf pyromancer
  1711 | D        | Noticed an orange demon
  1711 | D        | Noticed a death yak
  1714 | D        | Killed a deep elf pyromancer
  1725 | D        | Killed a death yak
  1725 | D        | Killed an orange demon
  1725 | D        | Received a gift from Trog
  1726 | D        | Reached XP level 11. HP: 81/121 MP: 10/10
  1737 | D        | Reached skill level 18 in Axes
  1740 | D        | Noticed a sea snake
  1745 | D        | Killed a sea snake
  2111 | D        | Noticed a six-headed hydra
  2115 | D        | Killed a ghost moth
  2116 | D        | Reached skill level 15 in Shields
  2117 | D        | Killed a four-headed hydra
  2117 | D        | Received a gift from Trog
  2118 | D        | Reached skill level 15 in Fighting
  2118 | D        | Reached skill level 19 in Axes
  2219 | D        | Noticed a deep elf pyromancer
  2221 | D        | Noticed Harold
  2222 | D        | Received a gift from Trog
  2228 | D        | Noticed Erica
  2239 | D        | Received a gift from Trog
  2248 | D        | Killed Erica
  2257 | D        | Killed a deep elf pyromancer
  2257 | D        | Received a gift from Trog
  2260 | D        | Killed Harold
  2712 | D        | Noticed a fire crab
  2712 | D        | Noticed a fire crab
  2712 | D        | Noticed a red draconian
  2712 | D        | Noticed a vampire mage
  2712 | D        | Noticed a five-headed hydra
  2712 | D        | Noticed a sea snake
  2718 | D        | Killed a ghost moth
  2719 | D        | Reached skill level 20 in Axes
  2722 | D        | Killed a fire crab
  2722 | D        | Received a gift from Trog
  2722 | D        | Killed a fire crab
  2723 | D        | Reached XP level 12. HP: 133/136 MP: 4/11
  2729 | D        | Killed a vampire mage
  2730 | D        | Killed a ten-headed hydra
  2730 | D        | Killed a red draconian
  2736 | D        | Received a gift from Trog
  3108 | D        | Noticed an emperor scorpion
  3108 | D        | Noticed a nagaraja
  3116 | D        | Killed an emperor scorpion
  3117 | D        | Identified the +7 spear of Jestrupp {flame, +Inv}
  3117 | D        | Noticed a white draconian stormcaller
  3118 | D        | Noticed a merfolk impaler
  3118 | D        | Noticed a vampire knight
  3126 | D        | Killed a white draconian stormcaller
  3130 | D        | Received a gift from Trog
  3135 | D        | Noticed a merfolk avatar
  3141 | D        | Killed a merfolk avatar
  3142 | D        | Reached skill level 21 in Axes
  3143 | D        | Killed a nagaraja
  3146 | D        | Received a gift from Trog
  3156 | D        | HP: 6/143 [merfolk impaler/+0 trident (4)]
  3159 | D        | Killed a merfolk impaler
  3164 | D        | Reached XP level 13. HP: 11/150 MP: 12/12
  3183 | D        | Reached skill level 10 in Dodging
  3183 | D        | Paralysed by a vampire knight for 6 turns
  3187 | D        | Demolished by a vampire knight

Illustrated notes

Levels and vault maps discovered:
D:        pitsprint [storerooms_1, entrance_room_1, metal_vault_5, armoury_2,
          mini_pit_1, grid_room_1, main_hall_1, silver_pit, the_coven_3,
          the_vestibule_1, steel_vault_2, golden_pit, hallway_of_sentries,
          crystal_vault_1, iron_vault_4, final_vault]

Skill      XL: |  1  2  3  4  5  6  7  8  9 10 11 12 13 |
---------------+----------------------------------------+-----
Fighting       | 4 5 6 7 8 9 10 11 12 14 16 19 | 19.5
Armour         | 4 5 6 7 8 9 11 12 13 15 16 | 16.9
Shields        | 4 5 6 7 9 11 12 13 14 16 17 18 | 18.0
Axes           | 3 4 5 7 8 11 13 15 17 20 21 | 21.4
Dodging        | 1 2 3 4 5 6 7 9 10 | 10.0
Stealth        | 1 2 |  2.6
Throwing       | |  0.2

Action                   |  1- 3 |  4- 6 |  7- 9 | 10-12 | 13-15 || total
-------------------------+-------+-------+-------+-------+-------++-------
Melee: Hand axe          |    16 |    34 |    10 |       |       ||    60
       War axe           |     1 |       |     7 |       |       ||     8
       Headbutt          |     2 |     5 |     6 |    39 |     2 ||    54
       Broad axe         |       |       |    26 |   184 |    15 ||   225
Throw: Dart              |       |       |       |     1 |       ||     1
Invok: Berserk           |     1 |       |     4 |     4 |       ||     9
       Brothers in Arms  |       |       |       |     2 |       ||     2
  Use: Potion            |       |       |       |     6 |     1 ||     7
Armor: Scale mail        |    11 |       |       |       |       ||    11
       Chain mail        |     9 |    20 |    25 |    38 |       ||    92
       Ring mail         |       |       |       |    17 |     2 ||    19
Dodge: Dodged            |    12 |    11 |    17 |   117 |     1 ||   158
Block: Kite shield       |    25 |    19 |    28 |   143 |     6 ||   221

Table legend: (Time is in decaauts)
 A = Elapsed time spent in this place.
 B = Non-inter-level travel time spent in this place.
 C = Inter-level travel time spent in this place.
 D = Time resting spent in this place.
 E = Time spent auto-exploring this place.
 F = Levels seen in this place.
 G = Mean time per level.
                   A        B        C        D        E       F      G
               +--------+--------+--------+--------+--------+-----+--------+
         Total |   3223 |   3223 |      0 |   2011 |    108 |   1 | 3223.0 |
       Dungeon |   3223 |   3223 |      0 |   2011 |    108 |   1 | 3223.0 |
               +--------+--------+--------+--------+--------+-----+--------+

Top non-repeatable levels by time:
       D: 3223 daAuts
